 Dungeon Crawl Stone Soup version 0.31-a0-441-g867994ef1c (webtiles) character file.

Game seed: 5265479605226039766

364 arthad the Slicer (level 6, -6/44 HPs)
             Began as a Gnoll Wanderer on Aug 2, 2023.
             Killed from afar by Pikel (8 damage)
             ... with a puff of flame
             ... on level 4 of the Dungeon.
             The game lasted 00:20:37 (4198 turns).

arthad the Slicer (Gnoll Wanderer)                  Turns: 4198, Time: 00:20:38

Health: -6/44      AC:  2    Str: 15    XL:     6   Next: 67%
Magic:  5/11       EV: 12    Int: 19    God:
Gold:   915        SH:  0    Dex:  8    Spells: 7/12 levels left

rFire   . . .        e - +5 Lochaber axe {reach-cleave, Poleaxe Drain}
rCold   . . .        (shield currently unavailable)
rNeg    . . .        d - +0 robe
rPois   .            (no helmet)
rElec   .            (no cloak)
rCorr   .            (no gloves)
SInv    .            (no boots)
Will    .....        (no amulet)
Stlth   ++           k - +6 ring of strength
HPRegen 0.27/turn    l - ring of flight
MPRegen 0.12/turn

%: no passive effects
@: mighty, flying
A: fangs 1, strong nose, distributed training
a: no special abilities


You were on level 4 of the Dungeon.
You visited 1 branch of the dungeon, and saw 4 of its levels.

You collected 915 gold pieces.

Inventory:

Hand Weapons
 a - a +2 short sword
 e - the +5 Lochaber axe (weapon) {reach-cleave, Poleaxe Drain}
   (You acquired it on level 3 of the Dungeon)

   Poleaxe:   It uses either Axes or Polearms skill, whichever is higher.
   Drain:     It drains your maximum health when unequipped.
 h - a +2 dagger of freezing
 q - the +0 war axe "Kuda Qou" {flame, Str+3 Stlth+}
   (You found it on level 3 of the Dungeon)

   Str:       It affects your strength (+3).
   Stlth:     It makes you more stealthy.
Missiles
 j - 6 poisoned darts
Armour
 b - a +0 buckler
 d - a +0 robe (worn)
Jewellery
 i - a +6 ring of dexterity
 k - a +6 ring of strength (left hand)
 l - a ring of flight (right hand)
Scrolls
 c - a scroll of summoning {unknown}
 f - a scroll of poison {unknown}
 g - 2 scrolls of identify
 n - a scroll of noise


   Skills:
 + Level 2.1 Fighting
 + Level 8.8 Short Blades
 + Level 2.1 Long Blades
 + Level 2.1 Axes
 + Level 2.1 Maces & Flails
 + Level 2.1 Polearms
 + Level 2.1 Staves
 + Level 2.1 Ranged Weapons
 + Level 2.1 Throwing
 + Level 3.3 Armour
 + Level 2.1 Dodging
 + Level 2.1 Stealth
 + Level 3.3 Shields
 + Level 2.1 Unarmed Combat
 + Level 3.5 Spellcasting
 + Level 1.6 Conjurations
 + Level 1.6 Hexes
 + Level 5.7 Summonings
 + Level 1.6 Necromancy
 + Level 1.6 Translocations
 + Level 1.6 Transmutations
 + Level 1.6 Fire Magic
 + Level 1.6 Ice Magic
 + Level 1.6 Air Magic
 + Level 1.6 Earth Magic
 + Level 1.6 Poison Magic
 + Level 2.3 Invocations
 + Level 2.1 Evocations
 + Level 1.6 Shapeshifting


You had 7 spell levels left.
You knew the following spells:

 Your Spells              Type           Power      Damage    Failure   Level
a - Summon Small Mammal   Summ           100%       N/A       1%          1
b - Call Canine Familiar  Summ           25%        N/A       4%          3
c - Shock                 Conj/Air       36%        1d5       8%          1

Your spell library contained the following spells:

 Spells                   Type           Power      Damage    Failure   Level
 Ensorcelled Hibernation  Hex/Ice        18%        N/A       11%         2
 Passwall                 Tmut/Erth      7%         N/A       11%         2
 Swiftness                Air            9%         N/A       22%         3
 Tukima's Dance           Hex            9%         N/A       22%         3
 Vhi's Electric Charge    Tloc/Air       18%        N/A       22%         3
 Airstrike                Air            4%         2d(1-17)  58%         4
 Passage of Golubria      Tloc           9%         N/A       58%         4
 Arcjolt                  Conj/Air       4%         1d14      90%         5
 Yara's Violent Unravell  Hex/Tmut       4%         3d4       90%         5
 Maxwell's Capacitive Co  Air            4%         ∞         100%        8


Dungeon Overview and Level Annotations

Branches:
Dungeon (4/15)
 Temple: D:4-7

Altars:
Hepliaklqana
Ru

Annotations:
D:4 Pikel


Innate Abilities, Weirdness & Mutations

You have very sharp teeth.
Your uncanny sense of smell can sniff out nearby items.
Your experience applies equally to all skills.


Message History

Pikel hits you with a +0 whip of flaming.
Pikel burns you.
Your bat closely misses Pikel.
You barely miss Pikel.
Pikel is moderately wounded.
You closely miss the lemure.
Your bat closely misses Pikel.
Your bat misses Pikel.
Pikel zaps a wand.
The puff of flame hits you. The lemure barely misses your bat.
Your bat hits Pikel but does no damage. Pikel barely misses you.
The lemure closely misses your bat.
There are monsters nearby!
Press: ? - help, v - describe, . - travel
Here: Pikel, wielding a +0 whip of flaming, wearing a +0 robe and carrying a wand of flame (lightly wounded, ally target)
The floor.
Unknown command.
Unknown command.
You feel very mighty all of a sudden.
Your bat closely misses Pikel.
Your bat barely misses Pikel.
Pikel hits you with a +0 whip of flaming!
Pikel burns you.
Unknown command.
You closely miss Pikel. Your bite misses Pikel.
Pikel is lightly wounded.
You completely miss the lemure.
Your bat completely misses Pikel.
Pikel hits you with a +0 whip of flaming.
Pikel burns you.
Your bat hits the lemure but does no damage.
The lemure hits you but does no damage.
Pikel hits you with a +0 whip of flaming.
Pikel burns you. The lemure barely misses you.
You closely miss Pikel.
Pikel is lightly wounded.
You closely miss the lemure. Your bat hits Pikel.
Pikel hits you with a +0 whip of flaming!
* * * LOW HITPOINT WARNING * * *
Pikel burns you.
* * * LOW HITPOINT WARNING * * *
The lemure hits you.
* * * LOW HITPOINT WARNING * * *
The lemure hits you but does no damage.
Pikel zaps a wand.
The puff of flame hits you!
You die...

###........#.... ........#
.............#..##.........
....)......................#####
#.............#....
.......#...## #...........##
#..# #......†K... #...(.......#
#..######.......##
.....§......####....#######...##
...............5.b....# ##..#
##...........h#K@...#.. .....
............###...#..... ##...##
..#.........###.).# #..# ##.##
..##.........###.## .## ##
...........###....###.#
#...#.......#.........#
#...#.......#........### .
#.###..................### ..
..#####.#.#..##..........###'##


You could see Pikel (ally target), a lemure and a friendly bat (summoned).

Vanquished Creatures
  3 lemures (D:4)
  2 gnolls (D:3)
  An adder (D:2)
  An ufetubus (D:3)
  2 dart slugs
  An orc (D:4)
  A ball python (D:1)
  A bat (D:1)
  A hobgoblin (D:1)
  A quokka (D:1)
  A frilled lizard (D:1)
  A kobold (D:2)
16 creatures vanquished.

Vanquished Creatures (collateral kills)
  A phantom (D:4)
  A scorpion (D:4)
  An orc wizard (D:4)
  An iguana (D:4)
  2 gnolls (D:3)
  3 adders
  5 worms
  2 dart slugs
  4 orcs
  3 endoplasms
  4 giant cockroaches
  10 goblins
  4 hobgoblins
  4 jackals (D:4)
  2 quokkas
  4 ball pythons
  5 bats
  2 frilled lizards (D:1)
  11 kobolds
  A spectral goblin (D:3)
70 creatures vanquished.

Grand Total: 86 creatures vanquished

Notes
Turn   | Place    | Note
-------+----------+-------------------------------------------
     0 | D:1      | arthad the Gnoll Wanderer began the quest for the Orb.
     0 | D:1      | arthad set off with the following items: a +2 short sword,
                  | a +0 buckler, a scroll of fear, a +0 robe; and the
                  | following spell memorised: Summon Small Mammal; and the
                  | following spells available to memorise: Call Canine
                  | Familiar.
     0 | D:1      | Reached XP level 1. HP: 13/13 MP: 4/4
   134 | D:1      | Reached XP level 2. HP: 19/19 MP: 2/5
   885 | D:1      | Reached XP level 3. HP: 25/25 MP: 4/7
   889 | D:1      | Learned a level 3 spell: Call Canine Familiar
   891 | D:1      | Learned a level 1 spell: Shock
  1165 | D:2      | Reached skill level 1 in Invocations
  1467 | D:2      | Reached skill level 1 in Fighting
  1467 | D:2      | Reached skill level 1 in Long Blades
  1467 | D:2      | Reached skill level 1 in Axes
  1467 | D:2      | Reached skill level 1 in Maces & Flails
  1467 | D:2      | Reached skill level 1 in Polearms
  1467 | D:2      | Reached skill level 1 in Staves
  1467 | D:2      | Reached skill level 1 in Ranged Weapons
  1467 | D:2      | Reached skill level 1 in Throwing
  1467 | D:2      | Reached skill level 1 in Dodging
  1467 | D:2      | Reached skill level 1 in Stealth
  1467 | D:2      | Reached skill level 1 in Unarmed Combat
  1467 | D:2      | Reached skill level 1 in Evocations
  1474 | D:2      | Reached XP level 4. HP: 27/32 MP: 1/8
  2062 | D:3      | Reached skill level 1 in Conjurations
  2062 | D:3      | Reached skill level 1 in Hexes
  2062 | D:3      | Reached skill level 1 in Necromancy
  2062 | D:3      | Reached skill level 1 in Translocations
  2062 | D:3      | Reached skill level 1 in Transmutations
  2062 | D:3      | Reached skill level 1 in Fire Magic
  2062 | D:3      | Reached skill level 1 in Ice Magic
  2062 | D:3      | Reached skill level 1 in Air Magic
  2062 | D:3      | Reached skill level 1 in Earth Magic
  2062 | D:3      | Reached skill level 1 in Poison Magic
  2062 | D:3      | Reached skill level 1 in Shapeshifting
  2132 | D:3      | Reached XP level 5. HP: 20/37 MP: 2/9
  2211 | D:3      | Upgraded the game from 0.31-a0-435-g2c6fae2916 to
                  | 0.31-a0-441-g867994ef1c
  2586 | D:3      | Identified the +0 war axe "Kuda Qou" {flame, Str+3 Stlth+}
  2853 | D:3      | Found a hazy altar of Hepliaklqana.
  3385 | D:4      | Noticed a lemure
  3389 | D:4      | Noticed Pikel
  3392 | D:4      | Noticed a lemure
  3395 | D:4      | Noticed a lemure
  3398 | D:4      | Noticed a lemure
  3552 | D:4      | Reached XP level 6. HP: 44/44 MP: 5/11
  3877 | D:4      | Identified 2 scrolls of acquirement
  3895 | D:4      | HP: 2/44 [lemure[Pikel] (8)]
  3997 | D:4      | Found a sacrificial altar of Ru.
  4011 | D:3      | Acquired 750 gold pieces
  4013 | D:3      | Acquired the +5 Lochaber axe {reach-cleave, Poleaxe Drain}
  4013 | D:3      | Found the +5 Lochaber axe {reach-cleave, Poleaxe Drain}
  4198 | D:4      | HP: 2/44 [lemure[Pikel] (4)]
  4198 | D:4      | Killed from afar by Pikel

Illustrated notes

Levels and vault maps discovered:
D:1:      spicycebolla_arrival_ecumenical, layout_basic, palyth_stone_intersect
D:2:      layout_basic
D:3:      layout_basic, nicolae_hepliaklqana_monster_ancestors,
          hangedman_decor_opposing
D:4:      layout_cave_pools, mainiacjoe_overflow_boulevard,
          gammafunk_temple_overflow_pools, uniq_pikel

Skill      XL: |  1  2  3  4  5  6 |
---------------+-------------------+-----
Invocations    | 1 2 |  2.3
Fighting       | 1 2 |  2.1
Long Blades    | 1 2 |  2.1
Axes           | 1 2 |  2.1
Maces & Flails | 1 2 |  2.1
Polearms       | 1 2 |  2.1
Staves         | 1 2 |  2.1
Ranged Weapons | 1 2 |  2.1
Throwing       | 1 2 |  2.1
Dodging        | 1 2 |  2.1
Stealth        | 1 2 |  2.1
Unarmed Combat | 1 2 |  2.1
Evocations     | 1 2 |  2.1
Spellcasting   | 3 |  3.5
Conjurations   | 1 |  1.6
Hexes          | 1 |  1.6
Necromancy     | 1 |  1.6
Translocations | 1 |  1.6
Transmutations | 1 |  1.6
Fire Magic     | 1 |  1.6
Ice Magic      | 1 |  1.6
Air Magic      | 1 |  1.6
Earth Magic    | 1 |  1.6
Poison Magic   | 1 |  1.6
Shapeshifting  | 1 |  1.6
Armour         | 3 |  3.3
Shields        | 3 |  3.3
Short Blades   | |  8.8
Summonings     | |  5.7

Action                     |  1- 3 |  4- 6 || total
---------------------------+-------+-------++-------
  Melee: Short sword       |    10 |       ||    10
         Bite              |     1 |     3 ||     4
         Dagger            |     4 |    10 ||    14
         War axe           |       |    16 ||    16
         Lochaber axe      |       |    12 ||    12
  Throw: Dart              |       |     6 ||     6
   Cast: Summon Small Mamm |    43 |    59 ||   102
         Call Canine Famil |     6 |    28 ||    34
         Shock             |       |    18 ||    18
    Use: Potion            |       |     4 ||     4
         Scroll            |       |     7 ||     7
   Stab: Distracted        |       |     2 ||     2
         Sleeping          |       |     1 ||     1
 Armour: Robe              |     2 |     7 ||     9
  Dodge: Dodged            |     8 |    39 ||    47
  Block: Buckler           |     4 |    14 ||    18

Table legend: (Time is in decaauts)
 A = Elapsed time spent in this place.
 B = Non-inter-level travel time spent in this place.
 C = Inter-level travel time spent in this place.
 D = Time resting spent in this place.
 E = Time spent auto-exploring this place.
 F = Levels seen in this place.
 G = Mean time per level.
                   A        B        C        D        E       F      G
               +--------+--------+--------+--------+--------+-----+--------+
         Total |   4203 |   4060 |    143 |    276 |   2924 |   4 | 1050.8 |
       Dungeon |   4203 |   4060 |    143 |    276 |   2924 |   4 | 1050.8 |
               +--------+--------+--------+--------+--------+-----+--------+

Top non-repeatable levels by time:
     D:3: 1447 daAuts
     D:1: 1030 daAuts
     D:4: 905 daAuts
     D:2: 820 daAuts
